 Dungeon Crawl Stone Soup version 0.28-a0-1506-g3893175d92 (webtiles) character file.

Game seed: 903589240913567591

394 SensoryNuts the Skirmisher (level 6, -4/46 (48) HPs)
             Began as a Demonspawn Fighter on Jan 13, 2022.
             Slain by a necrophage (5 damage)
             ... on level 6 of the Dungeon.
             The game lasted 00:03:54 (3354 turns).

SensoryNuts the Skirmisher (Demonspawn Fighter)     Turns: 3354, Time: 00:03:54

HP:   -4/46 (48)    AC:  7    Str: 19    XL:     6   Next: 52%
MP:   6/6           EV: 11    Int:  9    God:
Gold: 154           SH:  4    Dex: 12    Spells: 5/5 levels left

rFire   . . .      SeeInvis .   a - +0 long sword
rCold   . . .      Faith    .   c - +0 buckler
rNeg    . . .      Spirit   .   b - +0 scale mail
rPois   .          Reflect  .   (no helmet)
rElec   .          Harm     .   (no cloak)
rCorr   .          Rampage  .   (no gloves)
Will    .....                   (no boots)
Stlth   +.........              (no amulet)
HPRegen 0.15/turn               (no ring)
MPRegen 0.10/turn               (no ring)

@: attractive, hasted, lightly drained, very quick
A: powered by death 2, sturdy frame 2
a: no special abilities


You were on level 6 of the Dungeon.
You visited 1 branch of the dungeon, and saw 5 of its levels.

You collected 154 gold pieces.

Inventory:

Hand Weapons
 a - a +0 long sword (weapon)
Missiles
 f - 2 throwing nets (quivered)
Armour
 b - a +0 scale mail (worn)
 c - a +0 buckler (worn)
Jewellery
 d - a ring of fire
Wands
 g - a wand of mindburst (9)
Scrolls
 e - 4 scrolls of identify
 h - 2 scrolls of enchant weapon {unknown}
 i - a scroll of fog {unknown}
 j - a scroll of noise {unknown}
 k - 2 scrolls of teleportation
 l - a scroll of amnesia {unknown}
Potions
 m - a potion of curing


   Skills:
 + Level 4.2 Fighting
 + Level 4.0 Long Blades
 + Level 3.8 Armour
 + Level 1.7 Dodging
 + Level 3.4 Shields


You had 5 spell levels left.
You didn't know any spells.
Your spell library contained the following spells:

 Spells                   Type           Power      Damage    Failure   Level
 Magic Dart               Conj           0%         1d3       61%         1
 Summon Small Mammal      Summ           0%         N/A       61%         1
 Call Imp                 Summ           0%         N/A       75%         2
 Corpse Rot               Necr/Air       0%         N/A       75%         2
 Call Canine Familiar     Summ           0%         N/A       93%         3
 Mephitic Cloud           Conj/Pois/Air  0%         N/A       93%         3
 Summon Guardian Golem    Hex/Summ       0%         N/A       93%         3
 Dispel Undead            Necr           0%         3d6       100%        4
 Death Channel            Necr           0%         N/A       100%        6


Dungeon Overview and Level Annotations

Branches:
Dungeon (4/15)
 Temple: D:4-7

Altars:
Qazlal


Innate Abilities, Weirdness & Mutations

You regenerate health from kills.
Your movements are less encumbered by armour. (ER -4)


Message History

The hornet zombie barely misses you.
Okay, then.
You see here 16 arrows.
Your surroundings suddenly seem different.
A necrophage comes into view.
Found a dagger and 11 gold pieces.
Found a stone staircase leading down.
Unknown command.
It was a potion of curing.
You feel better.
It was a potion of haste.
You feel yourself speed up.
It was a potion of attraction.
You feel attractive to monsters.
You closely miss the necrophage. The necrophage hits you.
* * * LOW HITPOINT WARNING * * *
You closely miss the necrophage. The necrophage completely misses you.
You hit the necrophage.
The necrophage is lightly damaged.
The necrophage hits you.
* * * LOW HITPOINT WARNING * * *
You feel drained.
You hit the necrophage.
The necrophage is moderately damaged.
The necrophage hits you.
* * * LOW HITPOINT WARNING * * *
You feel drained.
* * * LOW HITPOINT WARNING * * *
You hit the necrophage.
The necrophage is moderately damaged.
The necrophage hits you but does no damage.
Unknown command.
You hit the necrophage.
The necrophage is heavily damaged.
The necrophage hits you.
* * * LOW HITPOINT WARNING * * *
Unknown command.
You slash the necrophage!
The necrophage is almost destroyed.
You closely miss the necrophage.
The necrophage is almost destroyed.
The necrophage hits you.
You die...

.........#
........#
........#
)..$....#
#......#
#......##
##.......#
#@n......#
#......>.#
##########


You could see a necrophage.

Vanquished Creatures
  Sigmund (D:2)
  A necrophage (D:2)
  An iguana (D:3)
  8 adders
  A worm (D:2)
  2 dart slugs
  2 endoplasms
  3 giant cockroaches
  12 goblins
  7 hobgoblins
  6 kobolds
  A quokka (D:2)
  7 ball pythons
  5 bats
  A frilled lizard (D:2)
  2 rats
60 creatures vanquished.

Notes
Turn   | Place    | Note
-------+----------+-------------------------------------------
     0 | D:1      | SensoryNuts the Demonspawn Fighter began the quest for the
                  | Orb.
     0 | D:1      | Reached XP level 1. HP: 18/18 MP: 1/1
   317 | D:1      | Found a faded altar of an unknown god.
   323 | D:1      | Gained mutation: Your movements are slightly less
                  | encumbered by armour. (ER -2) [demonic ancestry]
   323 | D:1      | Reached XP level 2. HP: 22/24 MP: 2/2
  1076 | D:2      | Noticed Sigmund
  1127 | D:2      | Killed Sigmund
  1128 | D:2      | Reached skill level 1 in Dodging
  1128 | D:2      | Gained mutation: You regenerate a little health from kills.
                  | [demonic ancestry]
  1128 | D:2      | Reached XP level 3. HP: 29/29 MP: 3/3
  1128 | D:2      | Reached XP level 4. HP: 36/36 MP: 4/4
  1128 | D:2      | Gained mutation: Your movements are less encumbered by
                  | armour. (ER -4) [demonic ancestry]
  1128 | D:2      | Reached XP level 5. HP: 41/41 MP: 5/5
  1454 | D:2      | Noticed a necrophage
  1464 | D:2      | Killed a necrophage
  1465 | D:2      | Gained mutation: You regenerate health from kills. [demonic
                  | ancestry]
  1465 | D:2      | Reached XP level 6. HP: 33/48 MP: 6/6
  3092 | D:4      | Found a stormy altar of Qazlal.
  3321 | D:4      | You fall into a shaft and drop 2 floors!
  3352 | D:6      | HP: 1/46 [necrophage (3)]
  3354 | D:6      | Slain by a necrophage

Illustrated notes

Levels and vault maps discovered:
D:1:      tarquinn_simple_flora_water_e, layout_loops_ring,
          chequers_ecumenical_altar_simple_redux
D:2:      layout_loops_corners, grunt_ministairs_6, uniq_sigmund
D:3:      layout_basic, serial_glass, glass_columns_a, glass_columns_b,
          glass_columns_c, glass_columns_b, feat_on_display,
          due_unseen_surprise, minmay_strange_pillars
D:4:      layout_basic, grunt_temple_overflow_champion_of_chaos,
          lemuel_tele_altar
D:6:      layout_gridville, trog_book, ebering_ghost_sewer_d,
          hangedman_abyss_or_decor_stagger

Skill      XL: |  1  2  3  4  5  6 |
---------------+-------------------+-----
Long Blades    | 3 4 |  4.0
Armour         | 3 |  3.8
Shields        | 3 |  3.4
Dodging        | 1 |  1.7
Fighting       | 4 |  4.2

Action                   |  1- 3 |  4- 6 || total
-------------------------+-------+-------++-------
Melee: Long sword        |    63 |   122 ||   185
  Use: Scroll            |     4 |     1 ||     5
       Potion            |     1 |     3 ||     4
Armor: Scale mail        |    36 |    46 ||    82
Dodge: Dodged            |    24 |    72 ||    96
Block: Buckler           |    18 |    22 ||    40

Table legend: (Time is in decaauts)
 A = Elapsed time spent in this place.
 B = Non-inter-level travel time spent in this place.
 C = Inter-level travel time spent in this place.
 D = Time resting spent in this place.
 E = Time spent auto-exploring this place.
 F = Levels seen in this place.
 G = Mean time per level.
                   A        B        C        D        E       F      G
               +--------+--------+--------+--------+--------+-----+--------+
         Total |   3404 |   3283 |    121 |      0 |   2808 |   5 |  680.8 |
       Dungeon |   3404 |   3283 |    121 |      0 |   2808 |   5 |  680.8 |
               +--------+--------+--------+--------+--------+-----+--------+

Top non-repeatable levels by time:
     D:2: 1147 daAuts
     D:1: 1051 daAuts
     D:3: 905 daAuts
     D:4: 267 daAuts
     D:6: 32 daAuts
